cohdb
Replays
Latest Replays
All Replays
Popular Replays
Top Player Replays
Match Explorer
How It Works
Community
CoH3 Stats
Reddit
Sign in to upload your games and track your stats! →
Sign in with Steam
Match 40661488
Unlisted
Match 40661488
Overview
Messages
Build Orders
End
Construct Section Command Post
Selects Heavy Armor Battlegroup
Infantry Section
Infantry Section
Royal Engineer Section
Selects Rigorous Vehicle Training
Selects Forward Repair Assembly
Construct Platoon Command Post
Humber Armored Car
Humber Armored Car
CMP 15cwt Truck
Unlock Bishop Self-propelled Artillery
Bishop Self-propelled Artillery
Grenade Package
WojownikHarnasia
Moltke1871
Wehrmacht
撸啊撸么么叁
WAAALMART!
Jakub221102
HULPI
BMon
0
0
Comments
sign in to comment!
No comments posted yet!